 Dungeon Crawl Stone Soup version 0.22-a0-204-g464ede7bef (webtiles) character file.

12582 Manul the Covert (level 11, -7/84 HPs)
             Began as a Demonspawn Assassin on Feb 18, 2018.
             Was an Initiate of Gozag.
             Mangled by a yak (16 damage)
             ... on level 11 of the Dungeon.
             The game lasted 00:21:38 (13886 turns).

Manul the Covert (Demonspawn Assassin)             Turns: 13886, Time: 00:21:39

Health: -7/84      AC: 14    Str: 16    XL:     11   Next: 64%
Magic:  13/13      EV: 15    Int: 17    God:    Gozag
Gold:   482        SH:  0    Dex: 18    Spells: 10/10 levels left

rFire    . . .     SeeInvis +   I - +3 falchion of Cowardice {flame, rPois Str+3 Int+4 SInv}
rCold    . . .     Gourm    .   (no shield)
rNeg     . . .     Faith    .   i - +0 ring mail
rPois    +         Spirit   .   (helmet restricted)
rElec    .         Reflect  .   d - +0 cloak
rCorr    .         Harm     +   m - +0 pair of gloves
MR       .....                  (no boots)
Stlth    +++++++...             q - amulet of harm
HPRegen  0.24/turn              L - +3 ring of protection
MPRegen  0.13/turn              E - +2 ring of strength

@: gold aura
A: antennae 1, yellow scales 1, nightstalker 3, powered by pain 1
a: Potion Petition, Call Merchant, Bribe Branch, Renounce Religion


You were on level 11 of the Dungeon.
You worshipped Gozag.
Gozag was aware of your devotion.
You were not hungry.

You visited 2 branches of the dungeon, and saw 12 of its levels.

You collected 1568 gold pieces.
You paid 1086 gold pieces to Gozag.

Inventory:

Hand Weapons
 a - a +2 dagger
 b - a +0 blowgun
 r - a +1 hand axe of flaming
 A - a +1 vampiric whip
 G - a +0 rapier
 I - the +3 falchion of Cowardice (weapon) {flame, rPois Str+3 Int+4 SInv}
   (You found it on level 9 of the Dungeon)

   It has been specially enchanted to burn those struck by it, causing extra
   injury to most foes and up to half again as much damage against particularly
   susceptible opponents.
   Big, fiery blades are also staple armaments of hydra-hunters.
   It affects your strength (+3).
   It affects your intelligence (+4).
   It protects you from poison.
   It lets you see invisible.
 N - a +3 scimitar of flaming
 T - a +0 falchion of electrocution
Missiles
 e - 25 poisoned needles
 z - a curare-tipped needle
Armour
 c - a +0 robe
 d - a +0 cloak (worn)
 i - a +0 ring mail (worn)
 m - a +0 pair of gloves (worn)
Jewellery
 h - an uncursed ring of magical power
 q - an amulet of harm (around neck)
 E - a +2 ring of strength (right hand)
 L - a +3 ring of protection (left hand)
 M - an uncursed ring of poison resistance
Wands
 j - a wand of flame (38)
 v - a wand of acid (7)
 P - a wand of iceblast (12)
 R - a wand of polymorph (8)
Scrolls
 f - a scroll of teleportation
 k - a scroll of immolation {unknown}
 n - 7 scrolls of remove curse
 o - a scroll of acquirement {unknown}
 p - a scroll of fog
 s - 2 scrolls of enchant weapon {unknown}
 x - a scroll of fear
 y - a scroll of amnesia {unknown}
 C - 2 scrolls of magic mapping
 D - a scroll of blinking
 F - a scroll of vulnerability
Potions
 l - a potion of ambrosia
 t - 5 potions of curing
 u - 3 potions of agility
 w - 2 potions of flight
 B - a potion of resistance
 H - a potion of brilliance {unknown}
 O - a potion of mutation {unknown}
 S - a potion of haste
Books
 K - a book of Maledictions

   Spells                             Type                      Level
   a - Corona                         Hexes                        1
   b - Ensorcelled Hibernation        Hexes/Ice                    2
   c - Confuse                        Hexes                        3
   d - Tukima's Dance                 Hexes                        3
   e - Dazzling Spray                 Conjuration/Hexes            3
Miscellaneous
 Q - a box of beasts
Comestibles
 g - 14 rations


   Skills:
 + Level 7.0 Fighting
 + Level 7.1(7.9) Short Blades
 + Level 5.1(6.9) Long Blades
 + Level 2.7 Throwing
 + Level 7.4 Armour
 + Level 6.0 Dodging
 + Level 10.2 Stealth
 + Level 3.6 Evocations


You had 10 spell levels left.
You didn't know any spells.

Dungeon Overview and Level Annotations

Branches:
Dungeon (11/15)            Temple (1/1) D:6
   Lair: D:8-11         Orc: D:9-12

Altars:
Ashenzari
Cheibriados
Dithmenos
Gozag
Hepliaklqana
Nemelex Xobeh
Okawaru
Qazlal
Uskayaw
Vehumet
Xom

Shops:
D:10 [


Innate Abilities, Weirdness & Mutations

You have a pair of small antennae on your head.
You are partially covered in yellow scales. (AC +2)
You are completely attuned to the shadows.
You sometimes gain a little power by taking damage.


Message History

The yak misses you.
You barely miss the yak.
The yak is almost dead.
The yak is no longer distracted by gold.
The yak gores you.
* * * LOW HITPOINT WARNING * * *
You hit the yak. You burn the yak.
You kill the yak!
Your Fighting skill increases to level 7!
You hit the yak. You burn the yak.
The yak is lightly wounded.
The yak gores you but does no damage.
You hit the yak. You burn the yak.
The yak is lightly wounded.
The yak closely misses you.
You hit the yak but do no damage.
The yak is lightly wounded.
The yak gores you!
You die...
Your body crumbles into a pile of gold.

$ ######### #### .(.#.#....# #...
##+###...#.#....########...
...$.....#@#...........'...
....Y.[..#Y#...........#...
..Y......#.#....######.#[#.
##+#+#######'###$#..).# #.#.#.
............Y....#....### #.#.#.
.................#).).... #.#.#.
.................#....... #.#.#.
##################....######.#$#.
{ $........o$$o(o..# #.


You could see a yak.

Vanquished Creatures
  Erica (D:10)
  6 two-headed ogres
  A wolf spider (D:10)
  A centaur zombie (D:11)
  A hornet (D:10)
  2 hippogriffs
  A wraith (D:11)
  16 yaks
  A hungry ghost (D:11)
  2 ice beasts
  2 orc warriors
  2 sky beasts
  2 phantoms
  3 ogres
  11 centaurs
  2 big kobolds
  8 bullfrogs
  A wyvern skeleton (D:8)
  3 scorpions
  A killer bee (D:10)
  4 wights (D:8)
  4 howler monkeys
  4 crimson imps
  2 quasits
  4 hounds
  7 orc priests
  2 bullfrog skeletons (D:5)
  3 jellies
  3 iguanas
  Ijyb (D:3)
  8 orc wizards
  5 worker ants
  2 hound zombies
  7 adders
  2 shadow imps
  2 oozes (D:2)
  An adder skeleton (D:4)
  2 dart slugs (D:1)
  3 leopard geckos
  22 orcs
  9 bats
  5 giant cockroaches
  12 goblins
  9 hobgoblins
  16 jackals
  13 kobolds
  6 quokkas
  2 frilled lizards (D:3)
  A jackal zombie (D:5)
  12 rats
240 creatures vanquished.

Vanquished Creatures (others)
  A leopard gecko skeleton (D:8)
1 creature vanquished.

Grand Total: 241 creatures vanquished

Notes
Turn   | Place    | Note
-------+----------+-------------------------------------------
     0 | D:1      | Manul the Demonspawn Assassin began the quest for the Orb.
     0 | D:1      | Reached XP level 1. HP: 16/16 MP: 1/1
   164 | D:1      | Reached skill level 4 in Stealth
   355 | D:1      | Gained mutation: You are slightly more attuned to the shadows. [demonic ancestry]
   355 | D:1      | Reached XP level 2. HP: 22/22 MP: 2/2
   359 | D:1      | Reached skill level 1 in Dodging
   414 | D:1      | You fall through a shaft!
   756 | D:2      | Gained mutation: You sometimes gain a little power by taking damage. [demonic ancestry]
   756 | D:2      | Reached XP level 3. HP: 25/27 MP: 3/3
  1445 | D:2      | Reached XP level 4. HP: 29/33 MP: 4/4
  1541 | D:2      | Found a shattered altar of Ashenzari.
  2379 | D:3      | Noticed Ijyb
  2420 | D:3      | Killed Ijyb
  2420 | D:3      | Reached skill level 1 in Armour
  2420 | D:3      | Gained mutation: You are significantly more attuned to the shadows. [demonic ancestry]
  2420 | D:3      | Reached XP level 5. HP: 29/38 MP: 5/5
  2861 | D:4      | Found a hide-covered altar of Uskayaw.
  2936 | D:4      | Noticed a phantom
  3484 | D:5      | Entered Level 5 of the Dungeon
  3565 | D:5      | Noticed a centaur
  3571 | D:5      | Killed a centaur
  3571 | D:5      | Gained mutation: You are completely attuned to the shadows. [demonic ancestry]
  3571 | D:5      | Reached XP level 6. HP: 27/46 MP: 6/6
  3668 | D:5      | Noticed a sky beast
  3669 | D:5      | Killed a sky beast
  3669 | D:5      | Reached skill level 5 in Stealth
  3752 | D:5      | Gained mutation: You are partially covered in yellow scales. (AC +2) [demonic ancestry]
  3752 | D:5      | Reached XP level 7. HP: 37/51 MP: 7/7
  4547 | D:6      | Found a staircase to the Ecumenical Temple.
  4552 | D:6      | Reached skill level 6 in Stealth
  4554 | Temple   | Entered the Ecumenical Temple
  4565 | Temple   | Became a worshipper of Gozag Ym Sagoz the Greedy
  4667 | D:6      | Found a radiant altar of Vehumet.
  5009 | D:7      | Reached XP level 8. HP: 58/58 MP: 8/8
  5104 | D:7      | Noticed a gargoyle
  5869 | D:9      | Found a shimmering altar of Xom.
  5888 | D:9      | Noticed a hippogriff
  5905 | D:9      | Noticed a two-headed ogre
  5913 | D:8      | Killed a hippogriff
  5916 | D:8      | Reached skill level 1 in Evocations
  5920 | D:8      | Reached skill level 5 in Armour
  6078 | D:8      | Noticed a two-headed ogre
  6093 | D:8      | Killed a two-headed ogre
  6093 | D:8      | Reached skill level 5 in Short Blades
  6093 | D:8      | Reached skill level 7 in Stealth
  6093 | D:8      | Gained mutation: You have a pair of small antennae on your head. [demonic ancestry]
  6093 | D:8      | Reached XP level 9. HP: 65/66 MP: 10/10
  6146 | D:8      | Noticed a two-headed ogre
  6150 | D:8      | Killed a two-headed ogre
  6208 | D:7      | Reached skill level 5 in Fighting
  6442 | D:8      | Noticed a two-headed ogre
  6488 | D:7      | Reached skill level 8 in Stealth
  7694 | D:6      | Reached skill level 5 in Dodging
  7721 | D:6      | Reached XP level 10. HP: 43/74 MP: 11/11
  8435 | D:7      | HP: 2/74 [hippogriff (6)]
  9056 | D:8      | Killed a two-headed ogre
  9696 | D:8      | Found a stormy altar of Qazlal.
 10525 | D:9      | Noticed a two-headed ogre
 10529 | D:9      | Killed a two-headed ogre
 10533 | D:9      | Found an iron altar of Okawaru.
 10539 | D:9      | Got a warped falchion
 10540 | D:9      | Identified the +3 falchion of Cowardice {flame, rPois Str+3 Int+4 SInv} (You found it on level 9 of the Dungeon)
 10556 | D:9      | Reached skill level 9 in Stealth
 10605 | D:9      | Found a sparkling altar of Nemelex Xobeh.
 10815 | D:9      | Killed a two-headed ogre
 11379 | D:10     | Entered Level 10 of the Dungeon
 11386 | D:10     | Noticed a two-headed ogre
 11406 | D:9      | Reached skill level 1 in Long Blades
 11644 | D:10     | Noticed Erica
 11663 | D:10     | Killed Erica
 11663 | D:10     | Reached XP level 11. HP: 64/81 MP: 13/13
 11922 | D:10     | Noticed a wolf spider
 11926 | D:10     | Killed a wolf spider
 11979 | D:9      | Killed a two-headed ogre
 13821 | D:11     | Reached skill level 5 in Long Blades
 13821 | D:11     | Reached skill level 10 in Stealth
 13886 | D:11     | Mangled by a yak

Vault maps used:
D:1:      tarquinn_simple_flora_water_d, minivault_11, st_stairs_9,
          minmay_tetromino_s2
D:2:      lemuel_round_altar
D:3:      kennysheep_goblin_castle, uniq_ijyb
D:4:      eat_drink_and_be_merry_uskayaw
D:5:      first_ration
D:6:      temple_fountains, vehumet_altar_wand_db
D:8:      st_stairs_6, blue_anna_alchemist, grunt_qazlal_clouds
D:9:      okawaru_ov_weapons_minmay, nemelex_xobeh_ov_fountains_minmay,
          kennysheep_mini_moat
D:10:     special_room, kennysheep_just_a_vault, uniq_erica
D:11:     erik_lair_dragon
Temple:   eino_temple_rhombus

Skill      XL: |  1  2  3  4  5  6  7  8  9 10 11 |
---------------+----------------------------------+-----
Stealth        | 4 5 6 7 8 9 10 | 10.2
Dodging        | 1 2 4 5 6 |  6.0
Short Blades   | 2 3 4 5 7 |  7.1
Armour         | 1 2 3 4 5 6 7 |  7.4
Fighting       | 3 4 5 6 7 |  7.0
Evocations     | 1 2 3 |  3.6
Throwing       | 2 |  2.7
Long Blades    | 1 5 |  5.1

Action                   |  1- 3 |  4- 6 |  7- 9 | 10-12 || total
-------------------------+-------+-------+-------+-------++-------
Melee: Dagger            |   155 |   195 |   367 |   228 ||   945
       Hand axe          |       |    19 |       |       ||    19
       Falchion          |       |       |       |   289 ||   289
 Fire: Blowgun           |     2 |       |     5 |       ||     7
Invok: Potion Petition   |       |       |     1 |     1 ||     2
       Call Merchant     |       |       |       |     1 ||     1
Evoke: Wand              |       |       |    17 |    18 ||    35
  Use: Potion            |       |     5 |     3 |     3 ||    11
       Scroll            |       |       |     2 |    12 ||    14
 Stab: Sleeping          |    10 |    16 |    20 |    29 ||    75
       Distracted        |       |     1 |       |     4 ||     5
       Confused          |       |       |    10 |     1 ||    11
       Paralysed         |       |       |       |     1 ||     1
  Eat: Chunk             |     2 |     5 |     2 |       ||     9
       Ration            |       |     1 |     3 |     6 ||    10
Armor: Robe              |     7 |       |       |       ||     7
       Ring mail         |    50 |    70 |   123 |   165 ||   408
Dodge: Dodged            |    73 |   123 |   192 |   356 ||   744
       Rpst.: Falchion   |       |       |       |    73 ||    73

Table legend:
 A = Spawn XP
 B = Non-spawn XP
 C = Spawn XP percentage of total XP
 D = Spawn monster count
 E = Non-spawn monster count
 F = Spawn count percentage of total count
 G = Total turns spent on level
                    A         B        C        D         E        F      G
               +---------+---------+-------+---------+---------+-------+---------
         Total |       0 |   17975 |   0.0 |       0 |     240 |   0.0 | 13886
               +---------+---------+-------+---------+---------+-------+---------
           D:1 |       0 |      44 |   0.0 |       0 |      25 |   0.0 |   946
           D:2 |       0 |      62 |   0.0 |       0 |      18 |   0.0 |   449
           D:3 |       0 |     104 |   0.0 |       0 |      33 |   0.0 |  1631
           D:4 |       0 |     228 |   0.0 |       0 |      10 |   0.0 |   934
           D:5 |       0 |     493 |   0.0 |       0 |      12 |   0.0 |   804
           D:6 |       0 |     537 |   0.0 |       0 |      16 |   0.0 |   871
           D:7 |       0 |    2252 |   0.0 |       0 |      30 |   0.0 |  3005
           D:8 |       0 |    3939 |   0.0 |       0 |      30 |   0.0 |  1408
           D:9 |       0 |    3730 |   0.0 |       0 |      18 |   0.0 |  2153
          D:10 |       0 |    3021 |   0.0 |       0 |      16 |   0.0 |   781
          D:11 |       0 |    3565 |   0.0 |       0 |      32 |   0.0 |   882
               +---------+---------+-------+---------+---------+-------+---------
